 Dungeon Crawl Stone Soup version 0.20-a0-241-ge0d8a1c (webtiles) character file.

2429 AlphabetPasta the Cleaver (level 9, -11/72 HPs)
             Began as a Formicid Fighter on Nov 29, 2016.
             Was a Priest of Ru.
             Killed from afar by Ryco's ghost (15 damage)
             ... with a flame tongue
             ... on level 6 of the Dungeon on Nov 30, 2016.
             The game lasted 00:34:34 (7718 turns).

AlphabetPasta the Cleaver (Formicid Fighter)        Turns: 7718, Time: 00:34:34

Health: -11/72     AC: 15    Str: 24    XL:     9   Next: 77%
Magic:  9/9        EV:  6    Int:  8    God:    Ru [***...]
Gold:   376        SH: 11    Dex: 10    Spells: 8/8 levels left

rFire  . . .     SeeInvis +     e - +0 battleaxe
rCold  . . .     Gourm    .     o - +0 plate armour
rNeg   . . .     Faith    .     c - +0 shield
rPois  .         Spirit   .     (helmet unavailable)
rElec  .         Reflect  .     (no cloak)
rCorr  .         Harm     .     n - +0 pair of gloves
MR     .....                    z - +0 pair of boots
Stlth  ..........               (no amulet)
                                (no ring)
                                (no ring)

@: lethally poisoned (-11 -> -18), liquid flames, glowing
A: permanent stasis, dig shafts and tunnels, four strong arms, antennae 3,
inability to use devices
a: Dig, Shaft Self, Draw Out Power, Renounce Religion


You were on level 6 of the Dungeon.
You worshipped Ru.
Ru was most pleased with you.
You were not hungry.

You visited 1 branch of the dungeon, and saw 6 of its levels.
You also visited: Sewer.

You collected 376 gold pieces.

Inventory:

Hand Weapons
 a - a +1 war axe
 e - a +0 battleaxe (weapon)
Missiles
 v - 56 bolts
Armour
 b - a +0 scale mail
 c - a +0 shield (worn)
 n - a +0 pair of gloves (worn)
 o - a +0 plate armour (worn)
 z - a +0 pair of boots (worn)
Jewellery
 l - an uncursed ring of fire
 r - a cursed -2 ring of strength {unknown}
Scrolls
 d - 2 scrolls of enchant weapon
 t - a scroll of magic mapping
 w - a scroll of enchant armour {unknown}
 A - 3 scrolls of remove curse
Potions
 h - a potion of ambrosia
 i - 3 potions of magic
 m - a potion of mutation
 q - 3 potions of curing
 s - 6 potions of flight
 C - 2 potions of might
 D - 3 potions of heal wounds
Comestibles
 f - 5 bread rations
 g - 5 chunks of flesh
 j - 3 meat rations
 k - a slice of pizza
 p - 4 fruits
 u - 2 beef jerkies


   Skills:
 + Level 7.0 Fighting
 * Level 8.0 Axes
 + Level 7.0 Armour
 + Level 7.6 Shields


You had 8 spell levels left.
You didn't know any spells.

Dungeon Overview and Level Annotations

Branches:
Dungeon (6/15)
 Temple: D:4-7

Altars:
Cheibriados
Ru

Annotations:
D:6 Ryco's ghost, novice DEFE


Innate Abilities, Weirdness & Mutations

You cannot be hasted, slowed, berserked, paralysed or teleported.
You can dig through walls and to a lower floor.
Your four strong arms can wield two-handed weapons with a shield.
You have a pair of large antennae on your head. (SInv)
You cannot study or use magical devices.


Message History

You feel sick.
Ryco's ghost sprays you with burning goo.
The sticky flame hits you!
You are covered in liquid flames!
You closely miss Ryco's ghost.
You are covered in liquid flames!
You feel sick. You block Ryco's ghost's attack.
Unknown command.
You are covered in liquid flames!
* * * LOW HITPOINT WARNING * * *
You feel sick.
You are covered in liquid flames!
* * * LOW HITPOINT WARNING * * *
You feel sick.
You are covered in liquid flames!
* * * LOW HITPOINT WARNING * * *
x2 You feel sick.
Ryco's ghost casts a spell at you. The flame tongue hits you!
You die...

*,*,,,,...* #...# #.# *{******,**
*,*,,,,,,,* #...# #.# *,,,,,,,,,,
*,*,,,,,..###...###.# ********,**
*,*,,,,,,,.........[## *,**
*,*,,,,,,,**#........########*,**
*,*,,,,,,,* ###..............,,**
*,*,,,,,,,* #.W....########****
,,,******** #......# * *,,*
#.@.)..# * *,,***********#...)).#
* *,,**,,,,,,,,,#...)..# *
*,,**,,,,,,,,,#......#******** *
*,,**,,,,,,,,,#....$....,,,,,* *
,,***,,,,,,,,,#......####***,* *
,,,,,,,,,,,,,........# *,* *
*,***,,,,,,,..##.#####******,* *
*,*,,,,,,,,...,..,,,,,,,,,,*,****


You could see Ryco's ghost.

Vanquished Creatures
  The ghost of chickenpie the Sneak, an amateur MfAs (D:3)
  2 orc warriors
  A black bear (D:6)
  A sky beast (D:6)
  A phantom (D:5)
  Blork the orc (D:5)
  A big kobold (Sewer)
  The ghost of Ryco the Firebug, an amateur DEFE (D:4)
  A gnoll sergeant (D:2)
  2 scorpions (D:4)
  4 killer bees (D:4)
  A howler monkey (D:4)
  2 centaur zombies
  2 crimson imps (D:5)
  3 orc priests
  A gnoll shaman (D:3)
  2 hounds
  4 orc wizards
  An iguana (D:6)
  Terence (D:2)
  Natasha (thrice) (D:2)
  A worker ant (D:4)
  A worker ant zombie (D:5)
  12 adders
  36 gnolls
  4 river rats (Sewer)
  2 oozes
  An adder skeleton (D:5)
  3 worms
  6 dart slugs
  2 leopard geckos
  9 orcs
  11 bats
  5 giant cockroaches
  9 goblins
  13 hobgoblins
  24 jackals
  3 quokkas
  3 ball pythons (Sewer)
  6 frilled lizards
  A giant cockroach zombie (D:5)
  23 kobolds
  2 quokka skeletons
  25 rats
238 creatures vanquished.

Notes
Turn   | Place    | Note
-------+----------+-------------------------------------------
     0 | D:1      | AlphabetPasta the Formicid Fighter began the quest for the Orb.
     0 | D:1      | Reached XP level 1. HP: 18/18 MP: 1/1
   145 | D:1      | Reached XP level 2. HP: 20/24 MP: 2/2
   473 | D:1      | Reached XP level 3. HP: 20/29 MP: 3/3
  1022 | D:2      | Noticed Natasha
  1044 | D:2      | Killed Natasha
  1044 | D:2      | Reached skill level 3 in Axes
  1044 | D:2      | Reached XP level 4. HP: 11/37 MP: 4/4
  1383 | D:2      | Noticed Terence
  1402 | D:2      | Noticed Natasha
  1418 | D:2      | You fall through a shaft for 2 floors!
  1455 | D:3      | Reached XP level 5. HP: 27/42 MP: 5/5
  1616 | D:2      | Killed Natasha
  1764 | D:2      | Found a snail-covered altar of Cheibriados.
  1838 | D:2      | Noticed Natasha
  1880 | D:2      | Killed Natasha
  2025 | D:2      | Killed Terence
  2025 | D:2      | Reached XP level 6. HP: 34/48 MP: 6/6
  2246 | D:2      | Reached skill level 4 in Axes
  2576 | D:3      | Noticed chickenpie's ghost (amateur MfAs)
  3015 | D:2      | Reached skill level 5 in Shields
  3107 | D:3      | Reached XP level 7. HP: 47/55 MP: 7/7
  3357 | D:3      | Killed chickenpie's ghost
  3357 | D:3      | Reached skill level 5 in Armour
  3562 | D:3      | Reached skill level 5 in Fighting
  3562 | D:3      | Reached skill level 5 in Axes
  4262 | D:3      | Reached XP level 8. HP: 54/62 MP: 8/8
  4921 | D:3      | Upgraded the game from 0.20-a0-229-ge6e0e65 to 0.20-a0-241-ge0d8a1c
  5141 | D:4      | Reached skill level 6 in Axes
  5377 | D:4      | Noticed Ryco's ghost (amateur DEFE)
  5386 | D:4      | Killed Ryco's ghost
  6049 | D:5      | Entered Level 5 of the Dungeon
  6210 | D:5      | Reached XP level 9. HP: 64/69 MP: 9/9
  6337 | D:5      | Noticed Blork the orc
  6345 | D:5      | Killed Blork the orc
  6345 | D:5      | Reached skill level 7 in Axes
  6411 | D:5      | Found a sacrificial altar of Ru.
  6429 | D:5      | Became a worshipper of Ru the Awakened
  6955 | D:6      | Found a glowing drain.
  7035 | Sewer    | Entered a sewer
  7547 | D:6      | Gained mutation: You cannot study or use magical devices. [Ru sacrifice]
  7547 | D:6      | Reached * piety under Ru
  7547 | D:6      | Reached ** piety under Ru
  7547 | D:6      | Reached *** piety under Ru
  7687 | D:6      | Reached skill level 8 in Axes
  7708 | D:6      | Noticed Ryco's ghost (novice DEFE)
  7718 | D:6      | Killed from afar by Ryco's ghost

Vault maps used:
D:1:      dpeg_arrival_line_fractal
D:2:      cheibriados_altar_1, uniq_natasha, uniq_terence
D:3:      lemuel_castle_with_subvaults
D:4:      hangedman_decor_growths, hangedman_minor_gate_pass
D:5:      first_bread, nicolae_ru_great_annihilating_truth, uniq_blork_the_orc
D:6:      portal_sewer_entry_d
Sewer:    sewer_minmay_treatment

Skill      XL: |  1  2  3  4  5  6  7  8  9 |
---------------+----------------------------+-----
Axes           | 3 4 5 6 8 |  8.0
Shields        | 4 5 6 7 |  7.6
Armour         | 4 5 6 7 |  7.0
Fighting       | 4 5 6 7 |  7.0

Action                   |  1- 3 |  4- 6 |  7- 9 || total
-------------------------+-------+-------+-------++-------
Melee: War axe           |   111 |   233 |   334 ||   678
       Battleaxe         |       |       |   205 ||   205
Invok: Sacrifice Artific |       |       |     1 ||     1
 Abil: Shaft Self        |       |     1 |       ||     1
Evoke: Wand              |       |       |     1 ||     1
  Use: Potion            |     3 |     1 |     6 ||    10
       Scroll            |     3 |     3 |    11 ||    17
 Stab: Distracted        |       |     1 |       ||     1
       Paralysed         |       |       |     1 ||     1
  Eat: Chunk             |     1 |     7 |    14 ||    22
       Royal jelly       |       |       |     1 ||     1
Armor: Scale mail        |    46 |    81 |   102 ||   229
       Skin              |    10 |       |       ||    10
       Plate armour      |       |       |    84 ||    84
Dodge: Dodged            |    27 |    70 |   142 ||   239
Block: Shield            |    68 |   115 |   316 ||   499
